 Dungeon Crawl Stone Soup version 0.27.1-34-g3ba077fa99 (webtiles) character file.

Game seed: 6066658521905777591

13510 boopmooplesden the Basher (level 11, 0/99 HPs)
             Began as a Minotaur Fighter on Jan 11, 2022.
             Was a High Priest of Okawaru.
             Slain by a death yak (12 damage)
             ... on level 2 of the Lair of Beasts.
             The game lasted 00:14:17 (11695 turns).

boopmooplesden the Basher (Minotaur Fighter)       Turns: 11695, Time: 00:14:18

Health: 0/99       AC: 11    Str: 29    XL:     11   Next: 76%
Magic:  10/10      EV: 12    Int:  5    God:    Okawaru [*****.]
Gold:   476        SH: 14    Dex: 11    Spells: 10/10 levels left

rFire    . . .     SeeInvis .   a - +1 flail (vorpal)
rCold    . . .     Faith    .   c - +1 kite shield
rNeg     + . .     Spirit   .   h - +1 scale mail {rN+}
rPois    .         Reflect  .   (helmet restricted)
rElec    .         Harm     .   E - +0 cloak
rCorr    .         Rampage  .   (no gloves)
Will     .....                  (no boots)
Stlth    ..........             (no amulet)
HPRegen  0.26/turn              d - +6 ring of strength
MPRegen  0.12/turn              r - +4 ring of slaying

@: about to teleport
A: horns 2, retaliatory headbutt
a: Renounce Religion, Heroism, Finesse


You were on level 2 of the Lair of Beasts.
You worshipped Okawaru.
Okawaru was extremely pleased with you.
You visited 3 branches of the dungeon, and saw 12 of its levels.
You also visited: Sewer.

You collected 476 gold pieces.

Inventory:

Hand Weapons
 a - a +1 vorpal flail (weapon)
 w - a +0 whip of electrocution
 x - the +3 hand axe "Ugeativ" {drain, rCorr}
   (You found it on level 5 of the Dungeon)

   A truly terrible weapon, it drains the life of any living foe it strikes.
   rCorr:     It protects you from acid and corrosion.
 B - the +6 whip of the Sun {antimagic, Fragile rN+++ Int-4 Dex+3}
   (You found it on level 7 of the Dungeon)

   It reduces the magical energy of the wielder, and disrupts the spells and
   magical abilities of those it strikes.
   Natural abilities and divine invocations are not affected.
   Int:       It affects your intelligence (-4).
   Dex:       It affects your dexterity (+3).
   rN:        It renders you almost immune to negative energy.
   Fragile:   It will be destroyed if unequipped.
 D - a +2 morningstar
 J - a +0 morningstar of protection
Missiles
 e - 2 boomerangs (quivered)
 I - 2 throwing nets
Armour
 b - a +0 scale mail
 c - a +1 kite shield (worn)
 h - a +1 scale mail of positive energy (worn)
 E - a +0 cloak (worn)
Jewellery
 d - a +6 ring of strength (left hand)
 r - a +4 ring of slaying (right hand)
 y - a +6 ring of strength
 A - an amulet of magic regeneration
 G - a ring of wizardry
 K - a ring of wizardry
 L - a ring of fire
Wands
 m - a wand of mindburst (5)
 v - a wand of iceblast (12)
 z - a wand of polymorph (7)
 H - a wand of acid (15)
 M - a wand of flame (46)
Scrolls
 f - a scroll of immolation
 n - 6 scrolls of identify
 q - 3 scrolls of fear
 t - a scroll of brand weapon
 C - 2 scrolls of blinking
 F - 3 scrolls of teleportation
 O - a scroll of enchant weapon
 P - a scroll of magic mapping
Potions
 g - a potion of degeneration {unknown}
 i - 6 potions of curing
 j - 4 potions of haste
 k - 3 potions of mutation
 l - 2 potions of berserk rage
 o - a potion of might
 p - a potion of resistance {unknown}
 s - 3 potions of brilliance {unknown}
 u - a potion of ambrosia {unknown}
 N - a potion of heal wounds {unknown}


   Skills:
 + Level 9.6 Fighting
 + Level 12.9 Maces & Flails
 + Level 0.5 Throwing
 + Level 9.9 Armour
 + Level 6.3 Dodging
 + Level 2.2 Stealth
 + Level 11.6 Shields


You had 10 spell levels left.
You didn't know any spells.
Your spell library contained the following spells:

 Spells                   Type           Power      Damage    Failure   Level
 Animate Skeleton         Necr           0%         N/A       83%         1
 Pain                     Necr           0%         1d4       83%         1
 Vampiric Draining        Necr           0%         2d6       99%         3
 Summon Forest            Summ/Tloc      0%         N/A       100%        5
 Summon Mana Viper        Hex/Summ       0%         N/A       100%        5
 Shadow Creatures         Summ           N/A        N/A       100%        6


Dungeon Overview and Level Annotations

Branches:
Dungeon (9/15)             Temple (1/1) D:7            Lair (2/6) D:9
    Orc (0/2) D:9           Sewer (visited)
  Swamp: Lair:2-4    Shoals: Lair:2-4     Snake: Lair:2-4    Spider: Lair:2-4

Altars:
Ashenzari
Cheibriados
Dithmenos
Elyvilon
Gozag
Hepliaklqana
Kikubaaqudgha
Makhleb
Nemelex Xobeh
Okawaru
Sif Muna
Trog
Uskayaw
Yredelemnul
Zin
The Shining One

Shops:
D:1 [


Innate Abilities, Weirdness & Mutations

You have a pair of horns on your head.
You reflexively headbutt those who attack you in melee.


Message History

A nearby fungus withers and dies.
You hit the death yak. You headbutt the death yak!
The death yak is lightly wounded.
You barely miss the death yak. You headbutt the death yak!
The death yak is moderately wounded.
The bullfrog hits you. You block the death yak's attack.
Your shield prevents you from hitting the death yak.
Your headbutt misses the death yak.
The death yak is moderately wounded.
The death yak barely misses you.
You hit the death yak but do no damage. You headbutt the death yak!
The death yak is heavily wounded.
The death yak gores you!!
The komodo dragon hisses menacingly.
The death yak gores you!
You sock the death yak!
The death yak is severely wounded.
The death yak barely misses you. You furiously retaliate!
You headbutt the death yak!
The death yak gores you but does no damage.
You sock the death yak! You headbutt the death yak.
The death yak is almost dead.
You block the death yak's attack.
You hit the death yak.
You headbutt the death yak, but do no damage.
The death yak is almost dead.
The death yak gores you. You block the komodo dragon's attack.
You hit the death yak.
You kill the death yak!
Okawaru is honoured by your kill. The death yak gores you!!
* * * LOW HITPOINT WARNING * * *
The komodo dragon bites you.
* * * LOW HITPOINT WARNING * * *
A boulder beetle comes into view.
You block the bullfrog's attack.
As you read the scroll of teleportation, it crumbles to dust.
You feel strangely unstable. You block the bullfrog's attack.
The death yak gores you!
You die...

#P###.#####..##.##.#.#.#
.......................#
#.###.###†.............##
### #.# ##....##.#.P....#
.+# #..########Y..## ..
#...##P.###...# ...
#...P#...Y.#...# ....
##..##PlFY.B...# ###.#
P...###@#.Y...# ##
#...#######...## .#####.
#..##.P.P##†Y..# .......
...F....F..## .......
...........# .......
...........# .......
........Y..# .......
[..........# .......
..#P..##....


You could see 2 death yaks, a boulder beetle, a komodo dragon and a bullfrog.

Vanquished Creatures
  Harold (D:8)
  A two-headed ogre (D:7)
  2 death yaks (Lair:2)
  Pikel (D:4)
  A black mamba (Lair:2)
  A cane toad (Lair:1)
  2 komodo dragons (Lair:1)
  A troll (D:9)
  The ghost of halfoni the Chopper, an amateur HuBe of Trog (D:4)
  A blink frog (Lair:1)
  Sigmund (D:3)
  A vampire (D:9)
  A wyvern (D:8)
  A basilisk (Lair:1)
  12 yaks
  A steam dragon (D:8)
  A warg (D:9)
  9 water moccasins
  7 orc warriors
  6 ogres
  3 ice beasts
  A sky beast (D:8)
  2 black bears (D:5)
  12 wolves (Lair:1)
  4 centaurs
  A phantom (D:4)
  A lemure (D:4)
  A kobold brigand (D:7)
  2 bullfrogs
  2 scorpions
  A wyvern skeleton (D:5)
  A water moccasin skeleton (D:6)
  3 killer bees (D:9)
  2 howler monkeys
  5 wights (D:8)
  3 hounds
  2 bullfrog zombies
  5 centaur zombies
  5 orc priests
  3 centaur skeletons
  2 iguanas
  Terence (D:3)
  Ijyb (D:5)
  12 orc wizards
  A scorpion zombie (D:5)
  2 killer bee zombies (D:7)
  A hound skeleton (D:4)
  4 gnolls (D:8)
  A howler monkey skeleton (D:4)
  12 adders
  8 river rats (Sewer)
  A shadow imp (D:5)
  2 worms (D:3)
  2 dart slugs (D:3)
  26 orcs
  3 ball pythons
  10 endoplasms
  3 giant cockroaches
  15 goblins
  5 hobgoblins
  5 jackals
  A quokka (D:1)
  7 bats
  13 frilled lizards
  6 kobolds
  11 rats
266 creatures vanquished.

Vanquished Creatures (others)
  A howler monkey skeleton (D:7)
  3 fungi
  2 plants (Lair:2)
6 creatures vanquished.

Grand Total: 272 creatures vanquished

Notes
Turn   | Place    | Note
-------+----------+-------------------------------------------
     0 | D:1      | boopmooplesden the Minotaur Fighter began the quest for the
                  | Orb.
     0 | D:1      | Reached XP level 1. HP: 19/19 MP: 0/0
    49 | D:1      | Found Qaejoqij's Antique Armour Boutique.
   274 | D:1      | Found a faded altar of an unknown god.
   282 | D:1      | Reached XP level 2. HP: 27/27 MP: 1/1
   737 | D:1      | Reached XP level 3. HP: 33/33 MP: 2/2
   925 | D:2      | Reached skill level 3 in Maces & Flails
  1491 | D:2      | Reached XP level 4. HP: 37/40 MP: 3/3
  1985 | D:3      | Noticed Terence
  2007 | D:3      | Killed Terence
  2008 | D:3      | Reached skill level 5 in Shields
  2168 | D:3      | Reached XP level 5. HP: 26/42 MP: 4/4
  2261 | D:3      | Found a glowing drain.
  2285 | Sewer    | Entered a sewer
  2385 | Sewer    | Reached skill level 1 in Dodging
  2580 | Sewer    | Reached skill level 4 in Maces & Flails
  2950 | D:3      | Noticed Sigmund
  2967 | D:3      | Killed Sigmund
  2968 | D:3      | Reached skill level 5 in Maces & Flails
  2968 | D:3      | Reached XP level 6. HP: 36/53 MP: 5/5
  3691 | D:4      | Reached skill level 5 in Armour
  3737 | D:4      | Found a runed translucent door.
  3814 | D:4      | Reached skill level 1 in Stealth
  3814 | D:4      | Reached XP level 7. HP: 55/60 MP: 6/6
  3916 | D:4      | Noticed Pikel
  3935 | D:4      | Killed Pikel
  3936 | D:4      | Reached skill level 5 in Fighting
  3936 | D:4      | Reached skill level 6 in Maces & Flails
  3936 | D:4      | Reached XP level 8. HP: 66/68 MP: 7/7
  4275 | D:4      | Noticed halfoni's ghost (amateur HuBe)
  4295 | D:4      | Killed halfoni's ghost
  4296 | D:4      | Reached skill level 7 in Maces & Flails
  4363 | D:5      | Entered Level 5 of the Dungeon
  4370 | D:5      | Noticed Ijyb
  4374 | D:5      | Killed Ijyb
  4660 | D:5      | Reached XP level 9. HP: 48/75 MP: 8/8
  4671 | D:5      | Identified the +3 hand axe "Ugeativ" {drain, rCorr}
  4831 | D:5      | Reached skill level 8 in Maces & Flails
  5028 | D:5      | Found a hide-covered altar of Uskayaw.
  5430 | D:6      | Found a shimmering blue altar of Sif Muna.
  5565 | D:6      | Reached skill level 9 in Maces & Flails
  6312 | D:7      | Found a white marble altar of Elyvilon.
  6313 | D:7      | Identified the +6 whip of the Sun {antimagic, Fragile rN+++
                  | Int-4 Dex+3}
  6554 | D:7      | Found a staircase to the Ecumenical Temple.
  6572 | Temple   | Entered the Ecumenical Temple
  6608 | Temple   | Became a worshipper of Warmaster Okawaru
  6945 | D:7      | Noticed a two-headed ogre
  6970 | D:7      | Killed a two-headed ogre
  6970 | D:7      | Reached * piety under Okawaru
  6971 | D:7      | Reached skill level 10 in Maces & Flails
  6971 | D:7      | Reached XP level 10. HP: 31/86 MP: 9/9
  7348 | D:8      | Reached skill level 5 in Dodging
  7647 | D:8      | Reached ** piety under Okawaru
  7755 | D:8      | Noticed Harold
  7770 | D:8      | Killed Harold
  7771 | D:8      | Reached skill level 11 in Maces & Flails
  8280 | D:8      | Reached skill level 10 in Shields
  8634 | D:8      | Found a burning altar of Makhleb.
  8636 | D:8      | Noticed a cacodemon
  8771 | D:9      | Found a basalt altar of Yredelemnul.
  9232 | D:9      | Reached *** piety under Okawaru
  9285 | D:9      | Found a staircase to the Lair.
  9290 | D:9      | Found a staircase to the Orcish Mines.
  9389 | D:9      | Reached XP level 11. HP: 95/95 MP: 10/10
  9434 | D:9      | Found a sparkling altar of Nemelex Xobeh.
  9495 | D:9      | Found a bloodstained altar of Trog.
  9498 | D:9      | Found an opulent altar of Gozag.
  9873 | D:9      | Found a glowing silver altar of Zin.
 10178 | Lair:1   | Entered Level 1 of the Lair of Beasts
 10390 | Lair:1   | Reached skill level 12 in Maces & Flails
 10395 | Lair:1   | Reached **** piety under Okawaru
 11660 | Lair:2   | Noticed a death yak
 11663 | Lair:2   | Noticed a death yak
 11664 | Lair:2   | Noticed a death yak
 11677 | Lair:2   | Noticed a death yak
 11686 | Lair:2   | Killed a death yak
 11686 | Lair:2   | Reached ***** piety under Okawaru
 11694 | Lair:2   | Killed a death yak
 11694 | Lair:2   | Noticed a boulder beetle
 11695 | Lair:2   | Slain by a death yak

Illustrated notes

Levels and vault maps discovered:
D:1:      eino_arrival_cavern_b, layout_basic, basic_ecumenical_altar,
          serial_shops, nicolae_diamond_shop
D:2:      layout_loops_ring, nrook_campfire
D:3:      layout_basic, portal_sewer_entry_b, wad_floor_pattern_1,
          kennysheep_generic_room_3, uniq_sigmund, uniq_terence
D:4:      layout_rooms, ebering_ghost_sewer_d, uniq_pikel
D:5:      layout_rooms, kennysheep_mini, kennysheep_potato, uniq_ijyb
D:6:      layout_loops_ring, mainiacjoe_overflow_tiny_flanked
D:7:      layout_gridville, elyvilon_altar_4, minmay_temple_entry_waves,
          st_stairs_4, minmay_chambers_of_fives
D:8:      layout_layer_cave, makhleb_altar_promises_db, uniq_harold
D:9:      layout_basic, mainiacjoe_overflow_chevrons, kennysheep_little_box,
          lemuel_zombie_altar_yredelemnul, minitemple, lair_entry_dummy,
          david_orc_3
Temple:   jpeg_temple_island
Lair:1:   layout_gridlike, st_stairs_4, minivault_23,
          cheibrodos_lair_caveside_slide, chequers_serial_rivers_micro_b
Lair:2:   layout_regular_city, beast_lair_carwin_10

Skill      XL: |  1  2  3  4  5  6  7  8  9 10 11 |
---------------+----------------------------------+-----
Shields        | 4 5 6 7 9 10 11 | 11.6
Armour         | 4 5 6 7 8 9 |  9.9
Fighting       | 4 5 6 7 8 9 |  9.6
Maces & Flails | 3 5 6 7 10 11 12 | 12.9
Dodging        | 1 2 4 5 6 |  6.3
Stealth        | 1 2 |  2.2
Throwing       | |  0.5

Action                   |  1- 3 |  4- 6 |  7- 9 | 10-12 || total
-------------------------+-------+-------+-------+-------++-------
Melee: Flail             |   106 |   160 |   179 |   304 ||   749
       Headbutt          |     6 |    23 |    46 |    63 ||   138
Throw: Boomerang         |       |       |     1 |     3 ||     4
Invok: Heroism           |       |       |       |     1 ||     1
  Use: Scroll            |       |     9 |     5 |     5 ||    19
       Potion            |       |     1 |       |       ||     1
Armor: Scale mail        |    66 |    48 |    60 |    99 ||   273
Dodge: Dodged            |    26 |    58 |    86 |   127 ||   297
Block: Kite shield       |    66 |    88 |   118 |   222 ||   494
